 Dungeon Crawl Stone Soup version 0.16.2-2-g470672f (webtiles) character file.

26 Engledude530 the Grave Robber (level 2, -1/15 HPs)
             Began as a Deep Elf Necromancer on Sept 3, 2015.
             Slain by a gnoll
             ... wielding a +0 spear
              (4 damage)
             ... on level 2 of the Dungeon.
             The game lasted 00:07:29 (988 turns).

Engledude530 the Grave Robber (Deep Elf Necromancer) Turns: 988, Time: 00:07:29

Health: -1/15      AC:  3    Str:  5    XL:     2   Next: 89%
Magic:  2/8        EV: 12    Int: 19    God:
Gold:   43         SH:  0    Dex: 15    Spells: 2 memorised, 5 levels left

rFire  . . .     SeeInvis .     l - +0 dagger
rCold  . . .     Clarity  .     p - +0 leather armour
rNeg   . . .     SustAb   .     (no shield)
rPois  .         Gourm    .     (no helmet)
rElec  .         Spirit   .     (no cloak)
rCorr  .         Warding  .     (no gloves)
rMut   .         Stasis   .     (no boots)
MR     .....                    (no amulet)
Stlth  ++........               (no ring)
                                (no ring)

@: very slightly contaminated, not resistant to hostile enchantments, unstealthy
A: no striking features
a: no special abilities


You were on level 2 of the Dungeon.
You were not hungry.

You visited 1 branch of the dungeon, and saw 2 of its levels.

You collected 43 gold pieces.

Inventory:

Hand weapons
 h - a +0 club
 j - a +0 spear
 l - a +0 dagger (weapon)
 n - a +0 club
Missiles
 d - 17 arrows
 e - 24 stones
 f - 2 throwing nets (quivered)
 m - 9 steel bolts
Armour
 a - a +0 robe
 i - a +0 robe
 o - a +0 robe
 p - a +0 leather armour (worn)
 q - a +0 robe
Potions
 k - a potion of ambrosia
Books
 b - a book of Necromancy

   Spells                             Type                      Level
   a - Pain                           Necromancy                   1
   b - Animate Skeleton               Necromancy                   1
   c - Vampiric Draining              Necromancy                   3
   d - Regeneration                   Charms/Necromancy            3
   e - Animate Dead                   Necromancy                   4
   f - Control Undead                 Necromancy                   4
Comestibles
 c - a bread ration
 g - 2 chunks of flesh


   Skills:
 * Level 0.1 Fighting
 - Level 2.5 Dodging
 - Level 2.5 Stealth
 + Level 3.2 Spellcasting
 + Level 5.7 Necromancy


You had 5 spell levels left.
You knew the following spells:

 Your Spells              Type           Power        Failure   Level  Hunger
a - Pain                  Necr           ###.         2%          1    None
b - Animate Skeleton      Necr           N/A          2%          1    None


Dungeon Overview and Level Annotations

Branches:
Dungeon (2/15)

Altars:


Message History

Your hobgoblin skeleton hits the gnoll with a club.
The gnoll hits your rat skeleton with a club.
Your rat skeleton bites the gnoll.
Your rat skeleton bites the gnoll but does no damage.
Your hobgoblin skeleton barely misses the gnoll.
Your rat skeleton bites the gnoll but does no damage.
Casting: Pain
Confirm with . or Enter, or press ? or * to list all spells.
Aiming: Pain
Press: ? - help, Shift-Dir - straight line, f/p - gnoll
Aim: a gnoll, wielding a club (almost dead, chance 88%)
The gnoll convulses in agony!
Casting: Pain
Confirm with . or Enter, or press ? or * to list all spells.
Aiming: Pain
Press: ? - help, Shift-Dir - straight line, f/p - gnoll
Aim: a gnoll, wielding a club (almost dead, chance 88%)
The gnoll convulses in agony!
The gnoll hits you from afar with a spear.
You die...

#.........### ##.######
###...........# #..#....
.......#..........# ##.#....
.###.##..........# #......
#.##..........#######.....
#.##......................
#.........................
#.###.^...###.###..........###
.#............@.gg.Z......)....
.#####.#.....#.###.Z..........#
..#....#.....#.# #.........#...
#.#.####.....#.............#..#
#.#.# #.....#####.........##g#
#.#.####.###.#####.######### .g
#.#................# #.
###.#..........####..# .
.....................#


You could see 2 gnolls, a friendly rat skeleton and a friendly hobgoblin
skeleton.

Vanquished Creatures
  A gnoll (D:2)
  A giant gecko (D:1)
  3 hobgoblins
  2 jackals (D:1)
  4 bats
  3 goblins (D:1)
  3 rats
17 creatures vanquished.

Vanquished Creatures (collateral kills)
  A kobold (D:1)
1 creature vanquished.

Vanquished Creatures (others)
  A bat skeleton (D:1)
1 creature vanquished.

Grand Total: 19 creatures vanquished

Notes
Turn   | Place    | Note
--------------------------------------------------------------
     0 | D:1      | Engledude530, the Deep Elf Necromancer, began the quest for the Orb.
     0 | D:1      | Reached XP level 1. HP: 10/10 MP: 5/5
    15 | D:1      | Learned a level 1 spell: Animate Skeleton
    96 | D:1      | Reached skill level 5 in Necromancy
   380 | D:1      | Reached XP level 2. HP: 13/15 MP: 8/8
   988 | D:2      | Slain by a gnoll

Action                   || total
-------------------------++-------
Melee: Dagger            ||     6
       Unarmed           ||     3
 Cast: Pain              ||    20
       Animate Skeleton  ||    10
  Use: Scroll            ||     3
       Potion            ||     1
